 Dungeon Crawl Stone Soup version 0.17.0-24-gcfadda4 (console) character file.

84 gw the Grave Robber (level 4, 0/25 HPs)
             Began as a Deep Elf Necromancer on Nov 17, 2015.
             Slain by a gnoll
             ... wielding a +0 halberd
              (12 damage)
             ... on level 2 of the Dungeon.
             The game lasted 00:01:21 (1753 turns).

gw the Grave Robber (Deep Elf Necromancer)          Turns: 1753, Time: 00:01:21

Health: 0/25       AC:  2    Str:  5    XL:     4   Next: 24%
Magic:  3/12       EV: 13    Int: 21    God:
Gold:   45         SH:  0    Dex: 15    Spells: 4 memorised, 3 levels left

rFire  . . .     SeeInvis .     a - +1 dagger
rCold  . . .     Clarity  .     f - +0 robe
rNeg   . . .     SustAt   .     (no shield)
rPois  .         Gourm    .     (no helmet)
rElec  .         Spirit   .     (no cloak)
rCorr  .         Warding  .     (no gloves)
rMut   .         Stasis   .     (no boots)
MR     .....                    (no amulet)
Stlth  ++........               (no ring)
                                (no ring)

@: not resistant to hostile enchantments, unstealthy
A: no striking features
a: no special abilities


You were on level 2 of the Dungeon.
You were not hungry.

You visited 1 branch of the dungeon, and saw 2 of its levels.

You collected 45 gold pieces.

Inventory:

Hand Weapons
 a - a +1 dagger (weapon)
Armour
 f - a +0 robe (worn)
Scrolls
 d - a scroll of remove curse
Potions
 e - a potion of lignification {unknown}
Books
 b - a book of Necromancy

   Spells                             Type                      Level
   a - Pain                           Necromancy                   1
   b - Animate Skeleton               Necromancy                   1
   c - Vampiric Draining              Necromancy                   3
   d - Regeneration                   Charms/Necromancy            3
   e - Animate Dead                   Necromancy                   4
   f - Control Undead                 Necromancy                   4
Comestibles
 c - 2 bread rations
 g - 2 chunks of flesh


   Skills:
 + Level 1.0 Fighting
 + Level 1.5 Short Blades
 + Level 2.8 Dodging
 - Level 2.4 Stealth
 * Level 4.3 Spellcasting
 + Level 5.3 Necromancy


You had 3 spell levels left.
You knew the following spells:

 Your Spells              Type           Power        Failure   Level  Hunger
a - Pain                  Necr           ####         1%          1    None
b - Animate Skeleton      Necr           N/A          1%          1    None
c - Vampiric Draining     Necr           ####......   4%          3    ##.....
d - Regeneration          Chrm/Necr      ###.......   14%         3    ##.....


Dungeon Overview and Level Annotations

Branches:
Dungeon (2/15)

Altars:


Message History

Aiming: Pain
Press: ? - help, Shift-Dir - straight line, f/p - gnoll
Aim: a gnoll, wielding a whip (almost dead, chance to defeat MR: 89%)
The gnoll convulses in agony!
You kill the gnoll!
The gnoll misses you.
Casting: Pain
Confirm with . or Enter, or press ? or * to list all spells.
Aiming: Pain
Press: ? - help, Shift-Dir - straight line, f - gnoll
Aim: a gnoll, wielding a halberd (chance to defeat MR: 89%)
The gnoll convulses in agony!
Casting: Pain
Confirm with . or Enter, or press ? or * to list all spells.
Aiming: Pain
Press: ? - help, Shift-Dir - straight line, f/p - gnoll
Aim: a gnoll, wielding a halberd (moderately wounded, chance to defeat MR: 89%)
The gnoll convulses in agony!
The gnoll hits you from afar with a halberd!
You die...

#.###### #.#
#######.######
#............#
#............#
#.........[..# ####
#............#
.....#######.............
.....'.>eZ.'<............
....##)####............#
.....gg.# #Z...........#
....J##.# #............#
.... #.# ###.###)######
... #.######....(......
.. .......(.....###### g
.............).....
...................


You could see 2 gnolls, an ooze and a friendly goblin skeleton.

Table legend:
 A = Turns spent in this place as a percentage of turns spent in the entire game.
 B = Non-inter-level travel turns spent in this place as a percentage of non-inter-level travel turns spent in the entire game.
 C = Inter-level travel turns spent in this place as a percentage of turns spent in this place.
 D = Turns resting spent in this place as a percentage of non-inter-level travel turns spent in this place.
 E = Turns spent auto-exploring this place as a percentage of non-inter-level travel turns spent in this place.
 F = Non-inter-level travel turns spent in this place divided by the number of levels of this place that you've seen.
                   A       B       C       D       E      F
               +-------+-------+-------+-------+-------+----------------------
         Total | 100.0 | 100.0 |   1.1 |   6.8 |   2.7 | 912.0
       Dungeon | 100.0 | 100.0 |   1.1 |   6.8 |   2.7 | 912.0
               +-------+-------+-------+-------+-------+----------------------

Table legend:
 A = Kills in this place as a percentage of kills in entire the game.
 B = Kills by you in this place as a percentage of kills by you in the entire game.
 C = Kills by friends in this place as a percentage of kills by friends in the entire game.
 D = Other kills in this place as a percentage of other kills in the entire game.
 E = Experience gained in this place as a percentage of experience gained in the entire game.
 F = Experience gained in this place divided by the number of levels of this place that you have seen.
                   A       B       C       D       E      F
               +-------+-------+-------+-------+-------+----------------------
         Total | 100.0 | 100.0 |  -nan |  -nan | 100.0 |  60.5
       Dungeon | 100.0 | 100.0 |  -nan |  -nan | 100.0 |  60.5
               +-------+-------+-------+-------+-------+----------------------

Vanquished Creatures
  Ijyb (D:2)
  An adder (D:2)
  2 gnolls (D:2)
  A worm (D:2)
  7 goblins
  2 bats (D:1)
  A giant cockroach (D:2)
  A giant gecko (D:1)
  2 giant newts (D:1)
  8 kobolds
  2 rats
28 creatures vanquished.

Notes
Turn   | Place    | Note
--------------------------------------------------------------
     0 | D:1      | gw the Deep Elf Necromancer began the quest for the Orb.
     0 | D:1      | Reached XP level 1. HP: 10/10 MP: 6/6
     2 | D:1      | Learned a level 1 spell: Animate Skeleton
   134 | D:1      | Reached skill level 5 in Necromancy
   620 | D:1      | Reached XP level 2. HP: 13/15 MP: 5/8
  1161 | D:2      | Reached skill level 1 in Short Blades
  1161 | D:2      | Reached XP level 3. HP: 10/20 MP: 0/10
  1353 | D:2      | Learned a level 3 spell: Vampiric Draining
  1357 | D:2      | Learned a level 3 spell: Regeneration
  1390 | D:2      | Noticed Ijyb
  1401 | D:2      | Killed Ijyb
  1401 | D:2      | Reached skill level 1 in Fighting
  1664 | D:2      | Your ally Ijyb died
  1748 | D:2      | Reached XP level 4. HP: 17/25 MP: 7/12
  1753 | D:2      | Slain by a gnoll

Action                   |  1- 3 |  4- 6 || total
-------------------------+-------+-------++-------
 Cast: Pain              |    50 |     6 ||    56
       Animate Skeleton  |    13 |       ||    13
  Use: Scroll            |     4 |       ||     4
       Potion            |     1 |       ||     1
  Eat: Chunk             |     2 |       ||     2

Vault maps used:
D:1:      dpeg_arrival_yet_another_circle
D:2:      evilmike_ruin_ashenzari, uniq_iyjb
